 Dungeon Crawl Stone Soup version 0.29.0-4-gdea44cf6ec (webtiles) character file.

Game seed: 2724876389874502684

7 qw the Chopper (level 2, 0/17 HPs)
             Began as a Tengu Warper on Aug 28, 2022.
             Slain by a goblin
             ... wielding a +2 dagger of protection
              (3 damage)
             ... on level 1 of the Dungeon.
             The game lasted 00:00:00 (224 turns).

qw the Chopper (Tengu Warper)                        Turns: 224, Time: 00:00:01

Health: 0/17       AC:  3    Str: 11    XL:     2   Next: 0%
Magic:  6/6        EV: 11    Int: 13    God:
Gold:   0          SH:  0    Dex: 13    Spells: 5/5 levels left

rFire   . . .      SeeInvis .   a - +0 hand axe
rCold   . . .      Faith    .   (no shield)
rNeg    . . .      Spirit   .   b - +0 leather armour
rPois   .          Reflect  .   (helmet restricted)
rElec   .          Harm     .   (no cloak)
rCorr   .          Rampage  .   (no gloves)
Will    .....                   (boots unavailable)
Stlth   +.........              (no amulet)
HPRegen 0.05/turn               (no ring)
MPRegen 0.10/turn               (no ring)

@: no status effects
A: beak, talons 3
a: no special abilities


You were on level 1 of the Dungeon.
You visited 1 branch of the dungeon, and saw 1 of its levels.


Innate Abilities, Weirdness & Mutations

You have a beak for a mouth.
You have claws for feet.


   Skills:
 - Level 2.0 Fighting
 + Level 2.9 Axes
 - Level 1.0 Throwing
 - Level 1.1 Armour
 - Level 2.1 Dodging
 - Level 2.0 Spellcasting
 - Level 2.4 Translocations


You had 5 spell levels left.
You didn't know any spells.
Your spell library contained the following spells:

 Spells                   Type           Power      Damage    Failure   Level
 Blink                    Tloc           14%        N/A       19%         2
 Gell's Gravitas          Tloc           7%         N/A       36%         3
 Lesser Beckoning         Tloc           7%         N/A       36%         3
 Teleport Other           Tloc           7%         N/A       36%         3
 Manifold Assault         Tloc           7%         N/A       98%         5

Inventory:

Hand Weapons
 a - a +0 hand axe (weapon)
Missiles
 d - 5 boomerangs of dispersal (quivered)
Armour
 b - a +0 leather armour (worn)
 e - a +0 ring mail
Scrolls
 c - a scroll of blinking

Dungeon Overview and Level Annotations

Branches:
Dungeon (1/15)

Altars:


Message History

You see here a scroll labelled SIUCSE ASEO.
205 ||| Stepping ~*~*~tactically~*~*~ (hiding).
You start waiting.
A goblin is nearby!
You closely miss the goblin. The goblin hits you with a +0 club.
You hit the goblin but do no damage. Your kick misses the goblin.
The goblin hits you with a +0 club.
You barely miss the goblin. Your kick misses the goblin. You peck the goblin.
The goblin is severely wounded.
The goblin hits you with a +0 club.
You hit the goblin.
You kill the goblin!
The dart slug bites you.
Things that are here:
a +0 club; a scroll labelled SIUCSE ASEO; a goblin corpse You hit the dart slug.
You peck the dart slug. You punch the dart slug.
The dart slug is almost dead.
The dart slug bites you.
You hit the dart slug.
You kill the dart slug!
You have reached level 2!
You start resting.
A goblin comes into view.
It is wielding a +2 dagger of protection.
Throw: 6 boomerangs (disperse)
Press: ? - help, Q - select action Shift-Dir - straight line, f - goblin You throw a boomerang of dispersal.
The boomerang of dispersal hits the goblin but does no damage.
You start resting.
A goblin is nearby!
You barely miss the goblin. Your kick misses the goblin.
Your peck misses the goblin. The goblin hits you but does no damage.
You hit the goblin. Your peck misses the goblin.
The goblin is severely wounded.
The goblin hits you with a +2 dagger of protection.
You closely miss the goblin. Your kick misses the goblin.
The goblin is severely wounded.
The goblin hits you with a +2 dagger of protection.
You die...

#.# ##.###.# #.#
### #.# ########.#
#.# .......#.# #.#
##......########..
...................
.###.###.###.####.#
.. #.# #. #@#
.......g.#
.#.....#.#
#.....#.# ###.# #..
... ..# #.. ### ##


You could see a goblin.

Vanquished Creatures
  A dart slug (D:1)
  A ball python (D:1)
  A bat (D:1)
  A goblin (D:1)
4 creatures vanquished.

Notes
Turn   | Place    | Note
-------+----------+-------------------------------------------
     0 | D:1      | qw the Tengu Warper began the quest for the Orb.
     0 | D:1      | Reached XP level 1. HP: 12/12 MP: 4/4
     0 | D:1      | 0 ||| qw: Version: 0.1-a-89-g26bdef1
     0 | D:1      | 0 ||| qw: Game counter: 2015
     0 | D:1      | 0 ||| qw: Always use a shield: true
     0 | D:1      | 0 ||| qw: God list: Okawaru
     0 | D:1      | 0 ||| qw: Allow faded altars: false
     0 | D:1      | 0 ||| qw: Do Orc after D:15 true
     0 | D:1      | 0 ||| qw: Do second Lair branch before Depths: true
     0 | D:1      | 0 ||| qw: Lair rune preference: random
     0 | D:1      | 0 ||| qw: Plans: Normal
     0 | D:1      | 0 ||| PLANNING D:1-11
     7 | D:1      | Noticed a servant of whispers
     7 | D:1      | Noticed an iguana
     8 | D:1      | Noticed a stone giant
     8 | D:1      | Noticed a hell rat
   103 | D:1      | 103 ||| Stepping ~*~*~tactically~*~*~ (hiding).
   205 | D:1      | 205 ||| Stepping ~*~*~tactically~*~*~ (hiding).
   214 | D:1      | HP: 2/12 [dart slug (3)]
   216 | D:1      | Reached XP level 2. HP: 3/17 MP: 6/6
   223 | D:1      | HP: 3/17 [goblin/+2 dagger of protection (1)]
   224 | D:1      | Slain by a goblin

Levels and vault maps discovered:
D:1:      onia_arrival_zoo_common, layout_loops_ring, st_stairs_3

Action                   || total
-------------------------++-------
Melee: Hand axe          ||    13
       Peck              ||     2
       Punch             ||     1
Throw: Boomerang         ||     2
Armor: Leather armour    ||     2
Dodge: Dodged            ||     6

Table legend:
 A = Non-vault XP
 B = Vault XP
 C = Vault XP percentage of total XP
 D = Non-vault monster count
 E = Vault monster count
 F = Vault count percentage of total count
                 A         B        C        D         E       F
            +---------+---------+-------+---------+---------+-------
      Total |       4 |       6 |  60.0 |       2 |       2 |  50.0
            +---------+---------+-------+---------+---------+-------
        D:1 |       4 |       6 |  60.0 |       2 |       2 |  50.0
            +---------+---------+-------+---------+---------+-------
